Map: Daybreak LE (Void)

Players

Scarlett - Winner!

  • Race: Zerg Zerg
  • Spawn Location: 1:00

Elazer

  • Race: Zerg Zerg
  • Spawn Location: 7:00

Event: WESG 2016 Finals

VOD

Have the link to the VOD?

Description

Time

  • Played on: Jan. 13, 2017, 5:32 a.m.
  • Length: 10:23

All games in this series

Show
View Real Time Build Order
Export as new Build Order

Scarlett Zerg - Winner!

Build Orders: Hatch First, Lurkers 

Get SALT Encoding   

  12  0:00  Drone  
  13  0:13  Overlord  
  13  0:18  Drone  
  14  0:31  Drone x2  
  14  0:34  Drone  
  17  0:52  Hatchery  
  17  0:55  Drone  
  17  0:59  Drone  
  17  1:03  Extractor  
  17  1:14  Spawning Pool  
  17  1:17  Drone  
  17  1:20  Drone  
  18  1:29  Drone  
  19  1:39  Overlord  
  19  1:52  Drone  
  20  2:00  Queen  
  22  2:03  Metabolic Boost  
  22  2:04  Queen  
  22  2:06  Drone  
  25  2:09  Drone  
  25  2:11  Drone  
  27  2:15  Drone  
  27  2:22  Drone, Evolution Chamber  
  28  2:26  Drone  
  29  2:33  Drone  
  29  2:36  Queen  
  32  2:40  Drone  
  33  2:47  Zerg Melee Weapons Level 1  
  33  2:49  Overlord  
  33  2:54  Zergling x4  
  33  2:57  Zergling x2  
  36  3:09  Drone x5  
  36  3:11  Drone x2  
  43  3:16  Overlord  
  43  3:31  Lair  
  43  3:34  Drone  
  43  3:35  Overlord  
  43  3:37  Drone x2  
  46  3:45  Baneling Nest, Extractor  
  46  3:46  Spine Crawler  
  43  3:51  Drone x3  
  43  3:52  Overlord  
  43  3:53  Drone  
  47  3:56  Drone x2  
  49  4:06  Zergling x6  
  52  4:12  Extractor  
  52  4:13  Extractor  
  52  4:15  Drone x5  
  54  4:24  Overlord  
  54  4:30  Drone x3  
  57  4:37  Spire  
  57  4:38  Drone x2  
  58  4:40  Overseer  
  58  4:45  Overlord  
  54  4:56  Hatchery  
  54  4:58  Zergling x2  
  54  4:59  Zergling x8  
  58  5:02  Zerg Melee Weapons Level 2  
  58  5:07  Zergling x6  
  58  5:12  Zergling x4  
  63  5:17  Baneling x2  
  63  5:22  Zergling x4  
  65  5:34  Overlord  
  65  5:35  Zergling x14  
  72  5:45  Overlord  
  72  5:56  Mutalisk  
  72  5:57  Mutalisk x2  
  68  5:59  Zerg Flyer Weapons Level 1  
  68  6:01  Mutalisk x2  
  74  6:13  Mutalisk x2  
  74  6:17  Drone  
  74  6:18  Drone x3  
  78  6:22  Zergling x4  
  78  6:24  Mutalisk  
  81  6:36  Mutalisk  
  81  6:39  Zergling x10  
  85  6:44  Drone, Hydralisk Den  
  85  6:46  Drone  
  85  6:52  Drone x5  
  85  6:54  Extractor  
  89  6:59  Extractor  
  89  7:00  Mutalisk x2  
  92  7:01  Zergling x2  
  92  7:03  Drone x4  
  92  7:08  Mutalisk  
  97  7:12  Drone x2  
  97  7:13  Hatchery  
  100  7:27  Zerg Ground Armor Level 1  
  91  7:31  Zergling x24  
  102  7:37  Drone  
  102  7:38  Drone, Lurker Den  
  102  7:43  Overlord  
  104  7:51  Overlord  
  104  7:53  Overlord x2  
  104  7:56  Drone  
  105  8:01  Queen  
  105  8:02  Overlord  
  107  8:08  Overlord  
  107  8:10  Hydralisk  
  107  8:11  Hydralisk x4  
  117  8:19  Hydralisk  
  111  8:20  Hydralisk x3  
  117  8:31  Hydralisk  
  117  8:33  Zergling x2  
  117  8:34  Zergling x16  
  119  8:44  Overseer  
  119  8:49  Zergling x14  
  126  9:02  Zergling x16  
  134  9:04  Lurker x5  
  134  9:05  Lurker  
  134  9:07  Lurker  
  134  9:09  Lurker  
  143  9:10  Lurker  
  143  9:11  Lurker  
  143  9:12  Zergling x2  
  143  9:17  Zergling x8  
  144  9:31  Zergling x14  
  144  9:32  Zergling x6  
  144  9:37  Zergling x2  
  144  9:38  Zergling x8  
  139  9:45  Zergling x4  
  134  9:54  Zergling x4  
  134  10:00  Zergling x12  
  134  10:01  Zergling x8  
  134  10:06  Zergling x4  
Show
View Real Time Build Order
Export as new Build Order

Elazer Zerg 

Build Orders: Hatch First 

Get SALT Encoding   

  12  0:00  Drone  
  13  0:12  Overlord  
  13  0:17  Drone  
  14  0:31  Drone x2  
  14  0:35  Drone  
  17  0:52  Hatchery  
  17  0:55  Drone  
  17  0:58  Drone  
  18  1:09  Extractor  
  17  1:13  Spawning Pool  
  17  1:16  Drone  
  17  1:20  Drone  
  18  1:28  Drone  
  19  1:38  Overlord  
  19  1:51  Drone  
  20  1:59  Queen  
  20  2:00  Drone  
  23  2:04  Queen  
  23  2:05  Drone  
  26  2:08  Metabolic Boost  
  26  2:10  Drone  
  26  2:14  Drone  
  28  2:32  Hatchery  
  27  2:37  Queen  
  27  2:42  Drone  
  27  2:43  Drone  
  31  2:45  Zergling x2  
  31  2:48  Drone  
  31  2:51  Drone  
  34  2:55  Overlord  
  34  3:03  Baneling Nest  
  33  3:06  Drone  
  33  3:07  Drone x2  
  36  3:14  Drone, Zergling x2  
  36  3:15  Drone  
  36  3:16  Drone  
  36  3:18  Drone  
  41  3:21  Zergling x2  
  41  3:25  Zergling x2  
  43  3:30  Zergling x2  
  44  3:38  Overlord  
  43  3:46  Drone x2  
  43  3:47  Drone, Extractor  
  45  3:49  Drone  
  45  3:50  Drone  
  45  3:52  Drone x3  
  45  3:54  Overlord  
  50  3:56  Evolution Chamber  
  50  4:01  Drone x2, Overlord  
  51  4:07  Roach Warren  
  51  4:08  Baneling x2  
  49  4:18  Overlord  
  49  4:23  Zerg Missile Weapons Level 1  
  49  4:28  Zergling x4  
  49  4:32  Drone x3, Queen x2  
  49  4:36  Zergling x6  
  60  4:40  Drone, Spore Crawler  
  60  4:43  Zergling x4  
  60  4:44  Zergling x2  
  62  4:56  Queen  
  62  4:57  Drone, Spore Crawler  
  62  4:58  Drone x3, Spore Crawler  
  62  4:59  Unknown  
  65  5:03  Drone x3  
  65  5:04  Drone x2  
  70  5:07  Overlord  
  70  5:09  Drone  
  70  5:12  Queen  
  73  5:14  Drone  
  72  5:21  Overlord  
  72  5:25  Drone x2  
  72  5:28  Drone x2  
  75  5:29  Drone, Extractor  
  75  5:30  Drone, Roach Warren  
  75  5:32  Drone  
  76  5:37  Baneling x2  
  76  5:39  Overlord x2  
  76  5:42  Spore Crawler  
  76  5:44  Baneling x2  
  76  5:47  Drone  
  72  5:57  Zergling x6  
  72  5:58  Zergling x6  
  72  6:00  Baneling  
  72  6:01  Zergling x4  
  72  6:02  Queen, Zergling x2  
  83  6:04  Queen  
  83  6:05  Lair  
  81  6:17  Baneling x2  
  79  6:19  Zergling x8  
  79  6:21  Overlord  
  79  6:23  Zerg Ground Armor Level 1  
  79  6:24  Drone x2  
  85  6:27  Extractor  
  83  6:35  Overlord  
  83  6:38  Drone x4  
  83  6:39  Drone  
  87  6:43  Overlord  
  87  6:46  Extractor  
  86  6:47  Drone x2  
  86  6:51  Baneling x2  
  86  6:52  Queen  
  90  6:56  Drone x3  
  90  6:58  Drone  
  90  6:59  Drone, Extractor  
  90  7:00  Drone x2  
  90  7:01  Drone  
  97  7:02  Drone  
  97  7:03  Spore Crawler  
  97  7:05  Overlord  
  97  7:06  Hydralisk Den  
  96  7:11  Spore Crawler  
  95  7:17  Overlord  
  95  7:22  Drone x3  
  91  7:27  Drone x2  
  91  7:29  Overlord  
  86  7:37  Spore Crawler  
  86  7:39  Hydralisk x2  
  86  7:40  Hydralisk x6, Muscular Augments  
  101  7:48  Hydralisk x4  
  106  7:57  Hydralisk x3  
  111  8:03  Hydralisk x2  
  113  8:19  Hydralisk x7  
  108  8:30  Hydralisk x6  
  120  8:36  Roach x4  
  126  8:45  Roach x5  
  136  8:49  Roach  
  138  8:58  Overlord x2  
  138  9:11  Overlord  
  138  9:18  Roach x8  
  138  9:20  Overseer  
  138  9:23  Roach x5  
  154  9:28  Overlord x2  
  154  9:29  Overlord  
  148  9:40  Ravager x5  
  148  9:44  Roach x8  
  158  9:55  Roach x6  
  170  10:02  Overseer  
  166  10:13  Unknown x2  
Tags
 
Add a new tag
Caveats
  • Supply blocks, unpowered buildings, or Contaminate may cause inaccurate times.
  • Supply counts are checked every 10 seconds.